Construct Section Command Post
Selects Air and Sea Battlegroup
Construct Platoon Command Post
Construct Field Infirmary
Selects Commando Section Paradrop
Selects M1 Pack Howitzer Paradrop
M1 Pack Howitzer Paradrop
6-pounder Anti-tank Gun Team
Commando Section Paradrop
Construct Company Command Post
Unlock M3 Grant Medium Tanks
Selects Centaur Medium Tank
Selects Anti-tank Rocket Loiter
Selects Naval Bombardment
Unlock Towed 17-pounder Anti-tank Guns